 Dungeon Crawl Stone Soup version 0.26-a0-466-g989023bd0d (webtiles) character file.

Game seed: 18043180883320488119

16375937 bmfx the Thanatomancer (level 27, 189/255 HPs)
             Began as a White Draconian Delver on Aug 7, 2020.
             Was the Champion of Vehumet.
             Escaped with the Orb
             ... and 14 runes on Aug 8, 2020!
             The game lasted 04:25:41 (82477 turns).

bmfx the Thanatomancer (White Draconian Delver)    Turns: 82477, Time: 04:25:41

Health: 189/255    AC: 23    Str: 14    XL:     27
Magic:  63/63      EV: 28    Int: 24    God:    Vehumet [******]
Gold:   6156       SH: 13    Dex: 17    Spells: 8/74 levels left

rFire    + + .     SeeInvis +   a - +9 scimitar (flame)
rCold    + . .     Faith    .   K - +4 buckler "Awiwk" {rN+++}
rNeg     + + +     Spirit   .   (armour unavailable)
rPois    .         Reflect  .   b - +2 hat {Int+3}
rElec    +         Harm     .   R - +2 cloak of the Sparrow {rElec rF+ MP+9 SInv}
rCorr    .                      D - +1 pair of gloves {Dex+3}
MR       +++..                  y - +2 pair of boots {run}
Stlth    +.........             E - amulet of magic regeneration
HPRegen  0.52/turn              C - ring of the Garden {rF+ MR+}
MPRegen  0.63/turn              J - ring of magical power

@: quick
A: breathe frost, unfitting armour, big wings, beak, blurry vision 1, cold
resistance 1, low mp 1, weak 1, wild magic 1, no potion heal 2, cold-blooded, AC
+13
0: Orb of Zot
}: 14/15 runes: decaying, slimy, silver, iron, obsidian, icy, bone, abyssal,
demonic, glowing, magical, fiery, dark, gossamer
a: Breathe Frost, Fly, Renounce Religion


You escaped.
You worshipped Vehumet.
Vehumet was exalted by your worship.
You visited 15 branches of the dungeon, and saw 80 of its levels.
You visited Pandemonium 3 times, and saw 14 of its levels.
You visited the Abyss 1 time.
You visited 2 bazaars.
You also visited: Ice Cave.

You collected 13377 gold pieces.
You spent 7221 gold pieces at shops.


Innate Abilities, Weirdness & Mutations

You can breathe waves of freezing cold.
You can buffet flying creatures when you breathe cold.
Your icy white scales are hard. (AC +13)
You cannot fit into any form of body armour.
Your flesh is cold resistant. (rC+)
You are cold-blooded and may be slowed by cold attacks.
Your large and strong wings let you fly indefinitely.
You have a beak for a mouth.
Scrolls take you a little longer to read.
Your magical capacity is low. (-10% MP)
You are weak. (Str -2)
Your spells are a little harder to cast, but a little more powerful.
Potions are poor at restoring your health.

Dungeon Overview and Level Annotations

Branches:
Dungeon (15/15)            Temple (1/1) D:7            Lair (6/6) D:10
  Swamp (4/4) Lair:3       Spider (4/4) Lair:3        Slime (5/5) Lair:6
    Orc (2/2) D:9             Elf (0/3) Orc:2        Vaults (5/5) D:14
  Crypt (0/3) Vaults:3     Depths (5/5) D:15           Hell (visited)
    Dis (7/7) Hell            Geh (7/7) Hell            Coc (7/7) Hell
    Tar (7/7) Hell            Zot (5/5) Depths:5      IceCv (visited)

Altars:
Ashenzari
Cheibriados
Dithmenos
Elyvilon
Fedhas
Gozag
Hepliaklqana
Kikubaaqudgha
Makhleb
Nemelex Xobeh
Qazlal
Ru
Sif Muna
Trog
Uskayaw
Vehumet
Wu Jian
Xom
Yredelemnul
Zin
The Shining One
Beogh
Jiyva

Shops:
D:8 *   D:9 *   D:11 =*   D:12 }   Orc:1 (   Orc:2 *[[=   Vaults:5 ??!
Depths:5 [[

Portals:
Hell: Lair:6 Depths:1 Depths:2 Depths:3 Depths:4 Depths:5
Abyss: Depths:4
Pandemonium: Depths:3
Ziggurat: Depths:2
Trove: Vaults:4 (give 7 scrolls of blinking)

Annotations:
Zot:5 1 exclusion


   Skills:
 + Level 22.3 Fighting
 - Level 15.1 Long Blades
 - Level 20.0 Dodging
 - Level 4.5 Stealth
 - Level 20.0 Shields
 - Level 24.0 Spellcasting
 - Level 3.6 Conjurations
 - Level 25.0 Necromancy
 - Level 4.0 Translocations
 - Level 24.0 Ice Magic
 - Level 24.0 Earth Magic
 - Level 10.0 Evocations


You had 8 spell levels left.
You knew the following spells:

 Your Spells              Type           Power        Failure   Level
a - Apportation           Tloc           ######       1%          1
b - Blink                 Tloc           N/A          1%          2
w - Passwall              Tmut/Erth      #######.     1%          2
A - Ozocubu's Refrigerat  Ice            ########..   1%          6
B - Absolute Zero         Ice            ########..   3%          9
C - Orb of Destruction    Conj           ######....   56%         7
D - Necromutation         Tmut/Necr      #######...   52%         8
E - Death's Door          Necr           ########..   7%          9
F - Shatter               Erth           ########..   3%          9
G - Lee's Rapid Deconstr  Erth           ########..   1%          5
H - Infestation           Necr           ########..   1%          8

Your spell library contained the following spells:

 Spells                   Type           Power        Failure   Level
 Ignition                 Fire           #####.....   100%        8
 Tornado                  Air            #####.....   100%        9
 Animate Skeleton         Necr           ######       1%          1
 Foxfire                  Conj/Fire      ####         1%          1
 Freeze                   Ice            ####         1%          1
 Magic Dart               Conj           ####         1%          1
 Pain                     Necr           ####         1%          1
 Sandblast                Erth           ######       1%          1
 Ensorcelled Hibernation  Hex/Ice        ######       1%          2
 Searing Ray              Conj           ######       1%          2
 Sublimation of Blood     Necr           ########..   1%          2
 Conjure Flame            Conj/Fire      #####...     1%          3
 Dazzling Flash           Conj/Hex       #####.       1%          3
 Frozen Ramparts          Ice            ######       1%          3
 Gell's Gravitas          Tloc           ######....   1%          3
 Ignite Poison            Fire/Tmut/Pois #####...     1%          3
 Inner Flame              Hex/Fire       #####...     1%          3
 Lesser Beckoning         Tloc           ######....   1%          3
 Mephitic Cloud           Conj/Pois/Air  #####...     1%          3
 Ozocubu's Armour         Ice            ########     1%          3
 Stone Arrow              Conj/Erth      ######       1%          3
 Teleport Other           Tloc           ######..     1%          3
 Vampiric Draining        Necr           ########..   1%          3
 Animate Dead             Necr           ########..   1%          4
 Hailstorm                Conj/Ice       #######.     1%          4
 Ice Form                 Ice/Tmut       #######.     1%          4
 Leda's Liquefaction      Hex/Erth       #######...   1%          4
 Petrify                  Tmut/Erth      #######.     1%          4
 Summon Ice Beast         Ice/Summ       #######.     1%          4
 Agony                    Necr           ########     1%          5
 Bolt of Magma            Conj/Fire/Erth #######...   1%          5
 Borgnjor's Vile Clutch   Necr/Erth      ########..   1%          5
 Metabolic Englaciation   Hex/Ice        #######...   1%          5
 Death Channel            Necr           ########..   1%          6
 Freezing Cloud           Conj/Ice/Air   #######...   1%          6
 Iron Shot                Conj/Erth      #######...   1%          6
 Borgnjor's Revivificati  Necr           ########..   1%          8
 Beastly Appendage        Tmut           #####.       2%          1
 Corona                   Hex            #####..      2%          1
 Sting                    Tmut/Pois      ####         2%          1
 Summon Small Mammal      Summ           ####         2%          1
 Fulminant Prism          Conj/Hex       #####.....   2%          4
 Sticky Flame             Conj/Fire      #####...     2%          4
 Statue Form              Tmut/Erth      #######..    2%          6
 Call Imp                 Summ           #####...     3%          2
 Slow                     Hex            #####...     3%          2
 Swiftness                Air            #####...     3%          2
 Wereblood                Tmut           #####...     3%          2
 Portal Projectile        Hex/Tloc       #####.       3%          3
 Iskenderun's Battlesphe  Conj           ######..     3%          5
 Confusing Touch          Hex            #####...     6%          3
 Spider Form              Tmut/Pois      #####.....   6%          3
 Tukima's Dance           Hex            #####...     6%          3
 Fireball                 Conj/Fire      #####.....   7%          5
 Irradiate                Conj/Tmut      #####.....   7%          5
 Haunt                    Necr/Summ      #######...   10%         7
 Lehudib's Crystal Spear  Conj/Erth      #######...   11%         8
 Yara's Violent Unravell  Hex/Tmut       #####.....   13%         5
 Cause Fear               Hex            #####.....   17%         4
 Summon Forest            Summ/Tloc      #####.....   22%         5
 Starburst                Conj/Fire      #####.....   28%         6
 Alistair's Intoxication  Tmut/Pois      #####....    43%         5
 Blade Hands              Tmut           #####.....   43%         5
 Summon Demon             Summ           #####.....   43%         5
 Summon Mana Viper        Hex/Summ       #####...     43%         5
 Dispersal                Tloc           ######....   45%         6
 Spellforged Servitor     Conj/Summ      #####.....   78%         7
 Eringya's Noxious Bog    Tmut/Pois      #####.....   92%         6
 Hydra Form               Tmut           #####.....   92%         6
 Invisibility             Hex            #####...     92%         6
 Shadow Creatures         Summ           N/A          92%         6
 Malign Gateway           Summ/Tloc      #####.....   99%         7
 Dragon Form              Tmut           #####.....   100%        7
 Monstrous Menagerie      Summ           #####.....   100%        7
 Summon Greater Demon     Summ           #####.....   100%        7
 Summon Hydra             Summ           #####.....   100%        7
 Chain Lightning          Conj/Air       #####.....   100%        8
 Controlled Blink         Tloc           N/A          100%        8
 Disjunction              Tloc           ######....   100%        8
 Summon Horrible Things   Summ           #####.....   100%        8
 Fire Storm               Conj/Fire      #####.....   100%        9
 Passage of Golubria      Tloc           Unusable     N/A         4

Action                   |  1- 3 |  4- 6 |  7- 9 | 10-12 | 13-15 | 16-18 | 19-21 | 22-24 | 25-27 || total
-------------------------+-------+-------+-------+-------+-------+-------+-------+-------+-------++-------
Melee: Falchion          |    34 |    24 |   427 |   198 |       |       |       |       |       ||   683
       Tailslap          |     8 |     5 |    61 |    88 |    99 |     6 |     2 |     1 |   185 ||   455
       Staff             |       |       |     8 |       |       |       |       |       |       ||     8
       Scimitar          |       |       |       |   348 |   648 |    10 |    10 |     4 |   957 ||  1977
       Headbutt          |       |       |       |       |       |       |       |       |    26 ||    26
       Peck              |       |       |       |       |       |       |       |       |     1 ||     1
Throw: Dart              |       |       |    20 |    38 |    23 |       |       |       |       ||    81
 Cast: Frozen Ramparts   |       |       |       |    66 |   108 |       |       |       |       ||   174
       Mephitic Cloud    |       |       |       |     5 |       |       |       |       |       ||     5
       Ozocubu's Refrige |       |       |       |       |   109 |   205 |   152 |   106 |   242 ||   814
       Absolute Zero     |       |       |       |       |     7 |   221 |   245 |   273 |  1064 ||  1810
       Blink             |       |       |       |       |       |       |       |     2 |     7 ||     9
       Shatter           |       |       |       |       |       |       |       |       |   140 ||   140
       Apportation       |       |       |       |       |       |       |       |       |     7 ||     7
       Infestation       |       |       |       |       |       |       |       |       |     1 ||     1
 Abil: Breathe Frost     |       |       |    24 |    18 |     3 |     3 |     1 |       |       ||    49
Evoke: Wand              |       |     9 |    20 |    16 |    18 |     2 |     2 |     1 |    12 ||    80
       Lightning rod     |       |       |       |       |     4 |       |       |       |     4 ||     8
       Box of beasts     |       |       |       |       |     1 |       |       |       |       ||     1
       Tin of tremorston |       |       |       |       |       |       |       |       |    10 ||    10
  Use: Scroll            |     2 |     2 |    16 |    17 |    24 |     7 |     5 |    19 |    28 ||   120
       Potion            |     1 |       |     1 |     3 |     3 |       |       |     7 |    27 ||    42
 Stab: Sleeping          |     1 |     1 |    25 |     5 |     6 |       |       |       |     2 ||    40
       Distracted        |       |       |     2 |       |     1 |       |       |       |     6 ||     9
       Confused          |       |       |       |     8 |       |       |       |       |       ||     8
       Invisible         |       |       |       |       |     1 |       |       |       |       ||     1
Armor: Skin              |    15 |    16 |   111 |   119 |   193 |    32 |     3 |     3 |   268 ||   760
Dodge: Dodged            |    33 |    41 |   236 |   239 |   304 |    42 |    18 |    38 |   701 ||  1652
Block: Kite shield       |       |       |    62 |   267 |   299 |    33 |    19 |       |       ||   680
       Reflection        |       |       |       |       |    19 |       |       |       |       ||    19
       Tower shield      |       |       |       |       |       |       |    32 |    42 |    55 ||   129
       Buckler           |       |       |       |       |       |       |       |       |   607 ||   607
       Rpst.: Falchion   |     9 |    14 |    69 |    21 |       |       |       |       |       ||   113
       Scimitar          |       |       |       |    53 |    83 |    12 |     2 |     4 |   125 ||   279

Skill      XL: |  1  2  3  4  5  6  7  8  9 10 11 12 13 14 15 16 17 18 19 20 21 22 23 24 25 26 27 |
---------------+----------------------------------------------------------------------------------+-----
Evocations     | 2 3 4 5 8 10 | 10.0
Long Blades    | 4 5 7 8 9 10 11 14 15 | 15.1
Fighting       | 5 8 9 12 13 15 16 20 22 | 22.3
Dodging        | 5 7 8 9 13 15 16 20 | 20.0
Shields        | 3 5 8 11 15 17 20 | 20.0
Spellcasting   | 1 4 6 7 11 12 15 18 20 24 | 24.0
Conjurations   | 2 3 |  3.6
Ice Magic      | 10 14 18 20 23 24 | 24.0
Translocations | 4 |  4.0
Earth Magic    | 1 14 24 | 24.0
Necromancy     | 25 | 25.0
Stealth        | |  4.5

Inventory:

Hand Weapons
 a - a +9 scimitar of flaming (weapon)
 p - a +1 demon blade of electrocution
Missiles
 m - 17 curare-tipped darts (quivered) {!f}
 o - a throwing net {!f}
Armour
 b - a +2 hat of intelligence (worn)
 y - a +2 pair of boots of running (worn)
 D - a +1 pair of gloves of dexterity (worn)
 K - the +4 buckler "Awiwk" (worn) {rN+++}
   (You found it on level 5 of the Depths)

   It renders you almost immune to negative energy.
 P - a +5 tower shield of fire resistance
 R - the +2 cloak of the Sparrow (worn) {rElec rF+ MP+9 SInv}
   (You bought it in a shop in a bazaar)

   It protects you from fire.
   It insulates you from electricity.
   It affects your magic capacity (+9).
   It lets you see invisible.
Jewellery
 h - an uncursed ring of resist corrosion
 l - the ring "Luqob" {rPois rC+ rN++ Dex+4}
   (You took it off an iron imp on level 7 of the Iron City of Dis)

   [ring of poison resistance]

   It affects your dexterity (+4).
   It protects you from cold.
   It protects you from poison.
   It greatly protects you from negative energy.
 C - the ring of the Garden (left hand) {rF+ MR+}
   (You took it off a balrug on level 7 of Gehenna)

   [ring of protection from magic]

   It protects you from fire.
   It affects your resistance to hostile enchantments.
 E - an amulet of magic regeneration (around neck)
 F - the ring "Ziroxag" {Wiz Str+6}
   (You found it on level 2 of the Vaults)

   [ring of wizardry]

   It improves your spell success rate.
   It affects your strength (+6).
 J - a ring of magical power (right hand)
 O - the ring of Xenarou {rPois rF++ rN+ MR+ Slay-3}
   (You found it on level 5 of the Pits of Slime)

   [ring of positive energy]

   It affects your accuracy and damage with ranged weapons and melee attacks
   (-3).
   It greatly protects you from fire.
   It protects you from poison.
   It protects you from negative energy.
   It affects your resistance to hostile enchantments.
 Y - a +4 ring of slaying
Wands
 d - a wand of acid (28)
 f - a wand of digging (13)
 g - a wand of polymorph (45)
 i - a wand of iceblast (34)
 u - a wand of clouds (7)
 X - a wand of enslavement (38)
 Z - a wand of paralysis (42)
Scrolls
 c - a scroll of enchant weapon
 e - 8 scrolls of identify {@r3}
 k - 24 scrolls of teleportation {@r1}
 w - 9 scrolls of remove curse {@r4}
 A - 9 scrolls of fear
 G - 7 scrolls of fog
 N - 5 scrolls of summoning
 Q - 3 scrolls of silence
Potions
 j - 4 potions of haste {@q4}
 n - 18 potions of heal wounds {@q1}
 q - 2 potions of magic
 r - 26 potions of curing {@q2}
 t - 4 potions of flight
 x - 4 potions of might
 z - 3 potions of invisibility
 H - 8 potions of cancellation
 L - 2 potions of mutation
 V - 3 potions of resistance
 W - 6 potions of ambrosia
Miscellaneous
 s - a tin of tremorstones (3/3)
 M - a phial of floods
 S - 2 phantom mirrors
 T - a lightning rod (4/4)
 U - 8 boxes of beasts

#.# #.######
##......#
#.......#
########....(..#
#.....'........#
#..#..##......##
#..#..#####'###
#..@..##.....#
#.....##..8..#
########.....#
#######


There were no monsters in sight!

Vanquished Creatures
  Cerebov (Pan)
  Antaeus (Coc:7)
  Asmodeus (Geh:7)
  the Royal Jelly (Slime:5)
  Ereshkigal (Tar:7)
  Gloorx Vloq (Pan)
  A seraph (Pan)
  the Serpent of Hell (Tar:7)
  Mnoleg (Pan)
  Lom Lobon (Pan)
  Dispater (Dis:7)
  6 ancient liches
  3 orbs of fire (Zot:5)
  Sojobo (Depths:3)
  6 Killer Klowns
  Bai Suzhen (Vaults:4)
  7 shard shrikes
  The ghost of Luzitt the Severer, a veteran FoVM of Uskayaw (Vaults:2)
  2 curse toes (Zot:5)
  Geryon (Hell)
  Nikola (Spider:4)
  A profane servitor (D:9)
  10 golden dragons
  12 bone dragons
  The ghost of Rov Woulue the Black Belt, an adept MfTm of Cheibriados (Vaults:4)
  24 Brimstone Fiends
  3 electric golems
  9 iron giants
  4 doom hounds
  13 Tzitzimimeh
  5 pandemonium lords
  Jorgrun (Swamp:3)
  Arachne (Spider:2)
  14 liches
  11 Ice Fiends
  6 Hell Sentinels (Dis:7)
  Rupert (D:12)
  7 tentacled monstrosities
  11 titans
  27 Orb Guardians
  23 acid blobs
  5 quicksilver dragons
  Asterion (Spider:4)
  Gastronok (Lair:3)
  19 Executioners
  10 ancient champions
  5 death cobs
  4 sphinxes
  2 thorn hunters (Swamp:4)
  Kirke (D:15)
  7 tengu reavers
  11 shadow dragons
  3 daevas
  10 azure jellies
  11 storm dragons
  4 draconian monks
  Donald (Orc:2)
  4 deep elf sorcerers
  14 fire giants
  9 iron dragons
  7 ghost moths
  29 balrugs
  3 draconian knights
  7 emperor scorpions
  14 frost giants
  A draconian shifter (Zot:1)
  2 orc warlords
  19 vault wardens
  26 cacodemons
  2 curse skulls (Pan)
  10 angels
  A warmonger (Pan)
  12 draconian annihilators
  18 ironheart preservers
  2 draconian stormcallers (Depths:2)
  10 ophanim (Pan)
  19 war gargoyles
  5 apis (Pan)
  19 stone giants
  47 very ugly things
  4 green draconians
  6 black suns
  6 entropy weavers
  An elemental wellspring (Coc:7)
  47 reapers
  3 corrupters (Pan)
  6 lorocyprocas
  5 blood saints
  6 vampire knights
  2 deep elf demonologists
  A black draconian (Depths:5)
  6 spark wasps
  3 red draconians
  4 deep elf annihilators
  4 yellow draconians
  2 dire elephants (Lair:6)
  9 white draconians (Depths:5)
  7 purple draconians
  20 ettins
  14 blizzard demons
  Snorg (Lair:4)
  11 fire dragons
  Josephine (D:14)
  A deep elf death mage (Vaults:3)
  7 green deaths
  5 quicksilver dragon zombies
  20 yaktaur captains
  7 death oozes (Slime:5)
  4 deep elf high priests (Vaults:5)
  11 great orbs of eyes
  5 rakshasas
  Fannar (Lair:1)
  A spectral tengu (Vaults:4)
  27 ice dragons
  A naga warrior (Depths:3)
  5 shambling mangroves
  5 hell beasts
  41 vault guards
  27 hydras
  5 quicksilver dragon skeletons
  A spectral sphinx (Vaults:4)
  A spriggan air mage (Depths:5)
  4 monstrous demonspawn (Pan)
  5 death yaks (Lair:6)
  8 deep troll shamans
  7 centaur warriors
  13 ogre magi
  3 death knights
  4 ghost crabs
  35 two-headed ogres
  A dancing weapon (Dis:7)
  3 deep troll earth magi
  15 alligators
  A spectral stone giant (Vaults:4)
  A queen ant (Lair:5)
  16 hell hogs
  6 titan zombies
  8 orc high priests
  2 spriggan berserkers
  2 tengu warriors
  A deep elf knight (Vaults:3)
  24 soul eaters
  5 vampire magi
  3 shock serpents (Pan)
  2 small abominations (Vaults:5)
  31 hell knights
  Sonja (Lair:4)
  5 storm dragon zombies
  122 skeletal warriors
  4 titan skeletons
  50 sun demons
  A fire crab (Lair:6)
  11 iron trolls
  5 iron golems (Dis:7)
  10 shadow wraiths
  3 wretched stars
  6 salamander mystics
  2 spectral humans (Vaults:4)
  4 storm dragon skeletons
  8 infernal demonspawn
  26 sixfirhies (Pan)
  4 starcursed masses (Abyss:3)
  A death drake (shapeshifter) (Vaults:1)
  A sea snake (D:14)
  11 unseen horrors
  10 swamp dragons
  11 torturous demonspawn
  11 flayed ghosts
  4 gelid demonspawn
  25 deep trolls
  8 cherubim (Pan)
  12 shadow demons
  5 golden dragon zombies
  A spriggan druid (Swamp:4)
  4 death drakes
  5 glowing orange brains
  5 anaconda skeletons
  8 anaconda zombies
  6 deep elf archers
  14 wizards
  16 phantasmal warriors
  6 shadow dragon zombies
  13 orc knights
  20 necromancers
  16 ironbrand convokers
  10 lindwurms
  3 golden dragon skeletons
  9 harpies
  19 orb spiders
  6 shadow dragon skeletons
  4 manticores
  5 frost giant zombies
  9 stone giant zombies
  7 salamanders
  3 iron dragon zombies
  7 wolf spider zombies
  17 deep elf magi
  8 cyclopes
  38 wolf spiders
  60 ugly things
  5 shining eyes
  8 orc sorcerers
  16 moths of wrath
  A worldbinder (Abyss:3)
  5 human skeletons
  8 fire giant zombies
  3 centaur zombies
  2 iron dragon skeletons
  The ghost of Goblin1989 the Cutter, a novice KoGl of Gozag (D:5)
  An apocalypse crab (Abyss:2)
  13 frost giant skeletons
  A shock serpent zombie (Dis:1)
  3 naga magi (Depths:3)
  7 stone giant skeletons
  25 rust devils
  5 black mambas
  3 eyes of devastation
  5 dire elephant zombies
  15 vault sentinels
  25 smoke demons
  2 torpor snails
  A black mamba (shapeshifter) (Vaults:4)
  2 shock serpent skeletons
  A guardian serpent (Depths:3)
  6 ice statues
  A guardian serpent (shapeshifter) (Vaults:1)
  8 komodo dragons
  2 gargoyles
  10 molten gargoyles
  25 orange demons
  5 fire giant skeletons
  32 hellions
  2 catoblepas zombies
  3 human zombies
  4 emperor scorpion zombies
  A cane toad (shapeshifter) (Vaults:1)
  Maggie (D:8)
  4 centaur skeletons
  A yaktaur zombie (Depths:1)
  17 cane toads
  4 dire elephant skeletons
  28 demonic crawlers
  15 hellwings
  5 rime drakes
  8 efreet
  51 tormentors
  49 yaktaurs
  3 spriggan skeletons
  40 ice devils
  30 freezing wraiths
  A troll (shapeshifter) (Depths:2)
  3 meliai (shapeshifter)
  A silent spectre (Tar:7)
  17 trolls
  2 harpy zombies
  An ancient zyme (Abyss:3)
  3 meliai (Spider:2)
  40 red devils
  31 jumping spiders
  2 polar bears
  11 hydra zombies
  11 tyrant leeches
  A tengu simulacrum (Vaults:4)
  A sphinx simulacrum (Vaults:5)
  12 bog bodies
  A slime creature (shapeshifter) (Vaults:5)
  A raiju (Abyss:3)
  A harpy skeleton (Pan)
  A hornet (shapeshifter) (Vaults:2)
  34 hornets
  4 dream sheep
  10 hydra skeletons
  97 slime creatures
  A blink frog (shapeshifter) (Depths:5)
  16 blink frogs
  3 fire dragon zombies
  A stone giant simulacrum (Vaults:4)
  A raiju (shapeshifter) (Vaults:2)
  4 alligator zombies
  8 ettin zombies
  5 ice dragon zombies
  A spectral elf (Vaults:4)
  11 hippogriffs
  4 human simulacra
  2 fire giant simulacra
  A frost giant simulacrum (Depths:1)
  5 fire dragon skeletons
  59 redbacks
  3 ice dragon skeletons
  4 ettin skeletons
  An alligator skeleton (Coc:5)
  99 flying skulls
  7 ynoxinuls (Pan)
  4 spriggans
  31 wraiths
  72 yaks
  A black mamba zombie (Coc:3)
  An elf zombie (Vaults:1)
  A tarantella (shapeshifter) (Depths:2)
  28 tarantellas
  29 shadows
  20 water elementals
  4 wyverns
  7 basilisks
  4 fire bats (Geh:1)
  19 golden eyes
  15 humans (D:14)
  21 neqoxecs
  13 vampire mosquitoes
  9 chaos spawn
  4 black mamba skeletons
  13 fire elementals
  6 hogs (D:15)
  Edmund (D:5)
  13 swamp worms
  A yaktaur simulacrum (Vaults:4)
  8 soldier ants (Lair:5)
  5 wargs
  A soldier ant (shapeshifter) (Vaults:1)
  4 insubstantial wisps (Swamp:4)
  2 acid dragons
  7 cane toad zombies
  3 hydra simulacra
  16 water moccasins
  A floating eye (shapeshifter) (Vaults:5)
  A torturous demonspawn skeleton (Geh:2)
  76 hell hounds
  5 porcupines
  16 swamp drakes
  23 large abominations
  5 cane toad skeletons
  35 ice beasts
  A merfolk skeleton (Tar:6)
  3 floating eyes
  8 snapping turtle zombies
  53 orc warriors
  4 black bears
  8 eyes of draining
  3 manticore zombies
  A hornet zombie (D:9)
  2 sky beasts
  2 swamp dragon zombies
  43 ogres
  7 phantoms
  An ettin simulacrum (Vaults:4)
  2 tengu (shapeshifter)
  14 necrophages
  An orc skeleton (Vaults:1)
  8 snapping turtle skeletons
  13 boggarts
  A swamp dragon skeleton (Coc:4)
  20 wolves (Lair:3)
  23 centaurs
  18 crocodiles
  A manticore skeleton (Coc:4)
  2 elf simulacra (Vaults:4)
  5 big kobolds
  18 bullfrogs
  A bullfrog (shapeshifter) (Vaults:3)
  A wyvern zombie (D:10)
  An elf skeleton (Pan)
  A gnoll sergeant (D:8)
  5 scorpions
  2 troll zombies
  6 electric eels
  7 howler monkeys
  8 killer bees
  73 wights
  11 crimson imps
  A lava snake (Lair:4)
  2 jellies
  2 quasits
  4 hounds
  30 orc priests
  2 bullfrog skeletons
  2 gnoll shamans (D:8)
  5 iguanas
  35 iron imps
  31 orc wizards
  Terence (D:2)
  5 hell rats (Hell)
  32 worker ants
  A naga zombie (Geh:4)
  An ogre skeleton (Geh:1)
  A tengu skeleton (Coc:1)
  3 hound skeletons
  8 mummies
  3 worker ant zombies
  Robin (D:3)
  17 adders
  11 gnolls
  11 shadow imps
  30 white imps
  An ufetubus (D:9)
  2 oozes
  An adder zombie (D:8)
  An adder skeleton (D:5)
  The ghost of Goblin1989 the Sneak, a weakling DsDe (D:5)
  2 dart slugs (D:1)
  4 leopard geckos
  113 orcs
  4 giant cockroaches
  6 hobgoblins
  9 jackals
  3 quokkas
  2 ball pythons
  9 bats
  14 frilled lizards
  12 goblins
  2 jackal skeletons
  A jackal zombie (D:7)
  25 kobolds
  A quokka skeleton (D:4)
  A quokka zombie (D:9)
  4 rats
  74 blocks of ice
  3 bushes
  4 crawling corpses (Vaults:5)
  3 fungi
  13 plants
4315 creatures vanquished.

Vanquished Creatures (collateral kills)
  An ettin (Vaults:5)
  2 skeletal warriors (Coc:3)
  A tormentor (Coc:3)
  A hydra zombie (Coc:3)
  A wraith (Coc:3)
  2 wights (Coc:3)
  A white imp (Coc:3)
  2 blocks of ice
11 creatures vanquished.

Vanquished Creatures (others)
  An elemental wellspring (Coc:4)
  A very ugly thing (Pan)
  A hell hog (Dis:6)
  A fire giant skeleton (Coc:4)
  2 hellions (Geh:7)
  A slime creature (D:14)
  2 flying skulls
  An iron imp (Dis:7)
  An orc wizard (D:10)
  An orc (D:10)
  1622 blocks of ice
  32 fungi
  16 plants
1682 creatures vanquished.

Grand Total: 6008 creatures vanquished

Levels and vault maps discovered:
D:1:      dpeg_arrival_rooms_b, layout_rooms, minmay_misc_feat_room,
          kennysheep_nondescript, minivault_27
D:2:      layout_basic, uniq_terence
D:3:      layout_basic, minitemple, minmay_lizard_king, uniq_robin
D:4:      layout_gridville, kennysheep_big_empty_room
D:5:      layout_layer_cave, basic_altar, gammafunk_ghost_cemetery, uniq_edmund
D:6:      layout_basic, regret_index_temple_of_mockery
D:7:      layout_loops_ring, minmay_temple_entry_proselytizer
D:8:      kennysheep_seaside_town, layout_loops_ring, basic_altar,
          grunt_decor_arrowhead, guppyfry_shop_venom, uniq_maggie, uniq_psyche
D:9:      layout_basic, orc_0_dummy, basic_altar, minmay_shop_damaged,
          hangedman_abyss_or_decor_passed, nicolae_two_hexagons
D:10:     layout_basic, erik_lair_dragon
D:11:     layout_irregular_city, serial_shops, nicolae_shop_crystal, shop,
          kennysheep_minor_cross, kb_lookout_dungeons_type
D:12:     minmay_the_grid_triangle_9x9_recursive_2_mashed
          [minmay_the_grid_triangle_9x9_prize_schism,
          minmay_the_grid_triangle_9x9_semitri,
          minmay_the_grid_triangle_9x9_descending_squares,
          minmay_the_grid_triangle_9x9_wacky_v], layout_long_grid, serial_shops,
          shop, uniq_rupert
D:13:     layout_stronghold
D:14:     layout_loops_ring, grunt_vaults_entry_tiered,
          hangedman_decor_diamond_cutter
D:15:     grunt_enter_depths_hoard, layout_rooms, minmay_misc_feat_alley,
          basic_altar, hangedman_ru_absence, uniq_josephine, uniq_kirke
Temple:   nicolae_temple_hex_pool
Lair:1:   layout_loops_ring, fungi_pond_lemuel, minivault_24,
          grunt_megastairs_3, lemuel_fruit_fields
Lair:2:   layout_roguey, grunt_megastairs_2, infiniplex_staircase_pool_2,
          uniq_fannar
Lair:3:   layout_loops_ring, nicolae_swamp_entry_splash_gauntlet,
          dummy_spider_entry, grunt_forest_large_clearings,
          serial_bayou_shore_a, uniq_gastronok
Lair:4:   layout_gridlike, ice2_lemuel, uniq_snorg, uniq_sonja
Lair:5:   layout_layer_cave, minmay_another_anthill
Lair:6:   evil_forest, layout_cave_pods, slime_altar_1
Swamp:1:  layout_basic_swamp, evilmike_swamp_ruin_house_1
Swamp:2:  layout_falls_marsh, hangedman_swamp_ruin_wall
Swamp:3:  layout_basic_swamp, evilmike_swamp_ruin_house_3, uniq_jorgrun
Swamp:4:  swamp_basic_johnstein, layout_basic_swamp
Spider:1: layout_spider_delve, guppyfry_hornet_nest
Spider:2: layout_spider_delve, nicolae_spider_shape, uniq_arachne
Spider:3: layout_spider_delve, drop_trap
Spider:4: guppyfry_spider_rune, drop_trap, uniq_nikola, uniq_asterion
Slime:1:  layout_caves, basic_altar
Slime:2:  layout_caves
Slime:3:  layout_caves
Slime:4:  layout_caves, nicolae_slime_phagocytosis
Slime:5
Orc:1:    layout_caves, serial_shops, shop, portal_ice_cave_demonic_guard
Orc:2:    pubby_orc_utopia, serial_shops, uniq_donald
Vaults:1: nicolae_vaults_network_s, nicolae_vaults_network_star,
          vaults_room_guarded_vault, ontoclasm_vaults_eye,
          hangedman_vaults_maws, nicolae_vaults_theta, v_pattern_1,
          v_alt_pattern_5, layout_vaults_big_room
Vaults:2: gammafunk_vaults_ghost_crypt, hangedman_vaults_restitches,
          hangedman_vaults_slither, hangedman_vaults_cutoff, v_misc_19,
          vaults_dpeg_hooks, nicolae_vaults_minivaults,
          grunt_vaults_hallway_short, grunt_vaults_funnel, vaults_room_corners,
          v_misc_32, layout_vaults_omnicross, serial_shops, bzr_entry_dummy
Vaults:3: nicolae_vaults_arrows, nicolae_vaults_circle_grid_a, v_rooms_1,
          minmay_crypt_entry_simple_corners, nicolae_vaults_ninety_degrees,
          nicolae_vaults_angled_halls, vaults_dpeg_doors,
          ontoclasm_vaults_hangar, vaults_room_hangedman_quadrants,
          vaults_dpeg_diagonal, layout_vaults_maze_snakey
Vaults:4: gammafunk_vaults_ghost_necromancy, nicolae_vaults_ring_of_whatevers,
          nicolae_vaults_mini_display_case, ontoclasm_vaults_pinch, v_misc_2,
          vaults_mumra_chevron_long, hangedman_vaults_trim,
          hangedman_vaults_capsules, vaults_standard_mumra_x,
          hangedman_vaults_impose, hangedman_vaults_hat, ontoclasm_vaults_fault,
          v_misc_16, layout_vaults_omnibox, nicolae_trove_entry_free_sample,
          uniq_bai_suzhen
Vaults:5
Depths:1: layout_basic, minmay_misc_feat_plants, hell_entry, grunt_ministairs_9,
          lightli_fourway_metalbox, kennysheep_random_hallway
Depths:2: gold_lair_mu, layout_cave_pools, enter_ziggurat_d,
          minmay_stone_trees_medium, serial_shops, bzr_entry_gold,
          hangedman_coc_ice_floe, firewood_loft
Depths:3: hangedman_six_sided_sadism, layout_cave_pools, rand_demon_pan_entry_7,
          patterned_corridor, hell_entry, uniq_sojobo
Depths:4: kennysheep_spiral_hall, layout_cave_pools, abyss_entry, serial_glass,
          glass_columns_a, glass_columns_c, due_unseen_surprise,
          feat_on_display, feat_on_display, feat_on_display, grunt_metal_band,
          minmay_staircase_bubble
Depths:5: lemuel_castle_with_subvaults [lemuel_castle_interior_original],
          layout_small_grid, hell_entry, minmay_misc_feat_doors,
          minmay_shoptagon, infiniplex_staircase_pool_lava
Hell
Dis:1:    layout_gridville
Dis:2:    layout_jigsaw
Dis:3:    layout_jigsaw
Dis:4:    layout_regular_city, hangedman_dis_decor_tower
Dis:5:    layout_regular_city
Dis:6:    layout_chaotic_city
Dis:7:    dis_grunt_layers
Geh:1:    layout_gehenna_pools_basic
Geh:2:    layout_gehenna_lava_caves
Geh:3:    layout_gehenna_lava_caves
Geh:4:    layout_gehenna_lava_caves
Geh:5:    layout_gehenna_lava_caves
Geh:6:    layout_gehenna_pools_box
Geh:7:    geh_grunt_pentagon
Coc:1:    layout_cocytus_delve, hangedman_elemental_grid_stream,
          grunt_megastairs_1
Coc:2:    layout_cocytus_water_paths
Coc:3:    layout_cocytus_water_paths
Coc:4:    layout_cocytus_water_paths
Coc:5:    layout_cocytus_water_paths
Coc:6:    layout_cocytus_water_paths
Coc:7:    coc_mu
Tar:1:    layout_honeycomb
Tar:2:    layout_honeycomb
Tar:3:    layout_catacombs, grunt_megastairs_4
Tar:4:    layout_grid_maze, nicolae_tar_cuneiform_sun
Tar:6:    layout_catacombs, lemuel_elevator
Tar:7:    tar_old
Zot:1:    layout_onion_interference, st_stairs_2
Zot:2:    layout_cathedral_of_symmetry
Zot:3:    layout_gridlike, hangedman_zot_decor_slant
Zot:4:    layout_gridlike
Zot:5:    layout_misc_corridors


Message History

You climb upwards.
An orange demon comes into view.
There is a stone staircase leading down here.
Casting: Absolute Zero (dangerous; 3% risk of failure)
Confirm with . or Enter, or press ? or * to list all spells.
You chill the orange demon to absolute zero!
The orange demon is frozen into a solid block of ice!
You kill the orange demon!
Vehumet accepts your kill.
You feel your power returning.
(D) Dungeon (T) Temple (L) Lair (S) Swamp (N) Spider Nest (M) Slime Pits (O) Orcish Mines (E) Elven Halls (V) Vaults (C) Crypt (U) Depths (H) Hell (I) Dis (G) Gehenna (X) Cocytus (Y) Tartarus (Z) Zot
Where to? (Enter - D:1 @ (x,y), ? - help) Magic restored.
There is an open door here.
There is a staircase leading out of the dungeon here.
You have escaped!

Notes
Turn   | Place    | Note
-------+----------+-------------------------------------------
     0 | D:5      | bmfx the Draconian Delver began the quest for the Orb.
     0 | D:5      | Reached XP level 1. HP: 19/19 MP: 1/1
   171 | D:5      | Reached XP level 2. HP: 18/26 MP: 2/2
   270 | D:6      | Noticed a howler monkey
   305 | D:5      | Found a blossoming altar of Fedhas.
   338 | D:4      | Noticed an ogre
   430 | D:5      | Reached skill level 1 in Evocations
   489 | D:5      | Reached XP level 3. HP: 16/31 MP: 3/3
   500 | D:5      | Noticed Edmund
   539 | D:4      | Reached XP level 4. HP: 12/38 MP: 4/4
   599 | D:5      | Reached XP level 5. HP: 11/45 MP: 5/5
   871 | D:5      | Found a runed translucent gate.
   871 | D:5      | Found a runed translucent gate.
   872 | D:5      | Found a runed translucent gate.
   882 | D:5      | Noticed Goblin1989's ghost (weakling DsDe)
   882 | D:5      | Noticed Goblin1989's ghost (novice KoGl)
  1044 | D:4      | Noticed an ogre
  1252 | D:6      | Noticed a sky beast
  1264 | D:6      | Found a hazy altar of Hepliaklqana.
  1265 | D:6      | Found a shimmering altar of Xom.
  1266 | D:6      | Noticed a spectral ugly thing
  1266 | D:6      | Noticed a wyvern
  1348 | D:6      | Noticed an ogre
  1360 | D:6      | Reached XP level 6. HP: 47/51 MP: 6/6
  1361 | D:6      | Reached skill level 5 in Long Blades
  1774 | D:6      | Reached skill level 5 in Evocations
  1820 | D:6      | Your scales start taking on an icy white colour.
  1820 | D:6      | Reached XP level 7. HP: 56/58 MP: 7/7
  1820 | D:6      | Gained mutation: Your flesh is cold resistant. (rC+) [White
                  | Draconian growth]
  2195 | D:5      | Reached skill level 5 in Fighting
  3313 | D:4      | Reached XP level 8. HP: 65/68 MP: 8/8
  4182 | D:2      | Noticed Terence
  4190 | D:2      | Killed Terence
  4849 | D:3      | Noticed Robin
  4908 | D:3      | Killed Robin
  5055 | D:3      | Found an ancient bone altar of Kikubaaqudgha.
  5056 | D:3      | Found a burning altar of Makhleb.
  5057 | D:3      | Found a sparkling altar of Nemelex Xobeh.
  5057 | D:3      | Found a shadowy altar of Dithmenos.
  5057 | D:3      | Found a glowing golden altar of the Shining One.
  5057 | D:3      | Found a hide-covered altar of Uskayaw.
  5058 | D:3      | Found a shattered altar of Ashenzari.
  5062 | D:3      | Found an opulent altar of Gozag.
  6434 | D:7      | Reached skill level 1 in Shields
  6524 | D:7      | Found a staircase to the Ecumenical Temple.
  6529 | Temple   | Entered the Ecumenical Temple
  6580 | Temple   | Became a worshipper of Vehumet
  6647 | D:7      | Reached skill level 5 in Dodging
  7020 | D:7      | Reached XP level 9. HP: 74/74 MP: 9/9
  7319 | D:8      | Reached skill level 5 in Shields
  7875 | D:8      | Reached * piety under Vehumet
  7875 | D:8      | Offered knowledge of Magic Dart by Vehumet.
  7953 | D:8      | Found a bloodstained altar of Trog.
  8033 | D:8      | Noticed Maggie
  8042 | D:8      | Killed Maggie
  8227 | D:8      | Found Bivypn's Serpentskin Sales.
  8238 | D:8      | Bought an uncursed ring of poison resistance for 240 gold
                  | pieces
  8625 | D:9      | Found a shattered altar of Ashenzari.
  8870 | D:9      | Found a staircase to the Orcish Mines.
  8903 | D:8      | Reached skill level 1 in Spellcasting
  9127 | D:9      | Reached XP level 10. HP: 61/88 MP: 12/12
  9319 | D:9      | Found Otuzu's Lightly-Used Armoury.
  9842 | D:10     | Entered Level 10 of the Dungeon
 10031 | D:10     | Offered knowledge of Shock by Vehumet.
 10031 | D:10     | Reached ** piety under Vehumet
 10289 | D:10     | Noticed a two-headed ogre
 10296 | D:10     | Killed a two-headed ogre
 11281 | D:10     | Learned a level 3 spell: Mephitic Cloud
 11382 | D:11     | Found Wuujir's Jewellery Shop.
 11439 | D:11     | Offered knowledge of Inner Flame by Vehumet.
 11803 | D:11     | Reached skill level 1 in Conjurations
 11834 | D:11     | Noticed a gargoyle
 11902 | D:11     | Noticed a two-headed ogre
 11929 | D:11     | Killed a two-headed ogre
 12108 | D:11     | Reached *** piety under Vehumet
 12426 | D:11     | Found Xuecoj's General Store.
 12625 | D:10     | Reached XP level 11. HP: 94/94 MP: 15/17
 12848 | D:10     | Found a staircase to the Lair.
 12873 | Lair:1   | Entered Level 1 of the Lair of Beasts
 12978 | Lair:1   | Offered knowledge of Frozen Ramparts by Vehumet.
 12991 | Lair:1   | Learned a level 3 spell: Frozen Ramparts
 13209 | Lair:1   | Reached skill level 1 in Ice Magic
 13251 | Lair:1   | Noticed a six-headed hydra
 13446 | Lair:1   | Reached skill level 5 in Ice Magic
 13708 | Lair:1   | Reached **** piety under Vehumet
 13858 | Lair:1   | Identified a scroll of acquirement
 13921 | Lair:1   | Noticed a six-headed hydra
 14059 | Lair:1   | Noticed a four-headed hydra
 14121 | Lair:1   | Killed a three-headed hydra
 14252 | Lair:1   | Killed a five-headed hydra
 14353 | Lair:1   | Killed a four-headed hydra
 14507 | Lair:2   | Noticed Fannar
 14681 | Lair:1   | Killed Fannar
 14681 | Lair:1   | Reached skill level 10 in Ice Magic
 14681 | Lair:1   | Reached XP level 12. HP: 83/101 MP: 14/19
 15106 | Lair:2   | Offered knowledge of Dazzling Flash by Vehumet.
 15187 | Lair:2   | Noticed a four-headed hydra
 15201 | Lair:2   | Killed a one-headed hydra
 15656 | Lair:3   | Reached skill level 10 in Long Blades
 15718 | Lair:3   | Noticed Gastronok
 15764 | Lair:3   | Killed Gastronok
 16141 | Lair:3   | Identified the Almanac of Transformation and Poisoning
 16334 | Lair:3   | Reached ***** piety under Vehumet
 16358 | Lair:3   | Offered knowledge of Orb of Destruction by Vehumet.
 16370 | Lair:3   | Learned a level 7 spell: Orb of Destruction
 16602 | Lair:3   | Found a hole to the Spider Nest.
 16754 | Lair:3   | Reached XP level 13. HP: 92/107 MP: 20/20
 17229 | Lair:4   | Noticed Snorg
 17929 | Lair:5   | Reached skill level 15 in Ice Magic
 18540 | Lair:6   | Entered Level 6 of the Lair of Beasts
 19174 | Lair:6   | Found a staircase to the Slime Pits.
 19174 | Lair:6   | Found a viscous altar of Jiyva.
 19214 | Lair:6   | Offered knowledge of Conjure Ball Lightning by Vehumet.
 20724 | Lair:6   | Learned a level 2 spell: Blink
 21041 | D:5      | Killed Goblin1989's ghost
 21050 | D:5      | Killed Goblin1989's ghost
 21212 | D:5      | Found a blossoming altar of Fedhas.
 21422 | D:5      | Killed Edmund
 21552 | D:8      | Noticed Psyche
 21555 | D:8      | Noticed Psyche
 21555 | D:8      | Psyche changed into Psyche the basilisk
 21561 | D:8      | Killed Psyche the basilisk
 22407 | D:11     | Found Xuecoj's General Store.
 22568 | D:11     | Reached XP level 14. HP: 94/115 MP: 21/21
 22996 | D:12     | Identified the Tome of the Spatial Blaze
 23047 | D:12     | Found Vawoagh's Gadget Shop.
 23484 | D:11     | Bought a +4 ring of slaying for 1014 gold pieces
 23899 | D:12     | Noticed Rupert
 25156 | D:13     | Offered knowledge of Spellforged Servitor by Vehumet.
 25908 | D:14     | Acquired a book of Annihilations
 25910 | D:14     | Acquired 4140 gold pieces
 26021 | D:14     | Reached skill level 5 in Spellcasting
 26254 | D:15     | Entered Level 15 of the Dungeon
 26254 | D:15     | Noticed Josephine
 26262 | D:14     | Killed Josephine
 26382 | D:14     | Learned a level 9 spell: Absolute Zero
 27450 | D:14     | Offered knowledge of Ozocubu's Refrigeration by Vehumet.
 27746 | Lair:6   | Learned a level 6 spell: Ozocubu's Refrigeration
 28237 | Lair:6   | Found a burning altar of Makhleb.
 28242 | Lair:6   | Reached XP level 15. HP: 121/121 MP: 13/24
 28547 | Lair:6   | Found a gateway to Hell.
 29216 | Lair:4   | Noticed Sonja
 29217 | Lair:4   | Killed Sonja
 29369 | Lair:4   | Reached ****** piety under Vehumet
 29369 | Lair:4   | Offered knowledge of Starburst by Vehumet.
 29879 | Lair:4   | Killed Snorg
 30221 | D:14     | Found a gate to the Vaults.
 30571 | D:12     | Killed Rupert
 30694 | Orc:1    | Entered Level 1 of the Orcish Mines
 30698 | Orc:1    | Found Qekh's Weapon Shoppe.
 30860 | Orc:1    | Found a frozen archway.
 30891 | IceCv    | Entered an ice cave
 31860 | Orc:1    | Offered knowledge of Lightning Bolt by Vehumet.
 32377 | Orc:2    | Entered Level 2 of the Orcish Mines
 33106 | Orc:2    | Offered knowledge of Freezing Cloud by Vehumet.
 33174 | Orc:2    | Found a staircase to the Elven Halls.
 33373 | Orc:2    | Noticed Donald
 33376 | Orc:2    | Killed Donald
 33514 | Orc:2    | Reached XP level 16. HP: 128/128 MP: 24/27
 33556 | Orc:2    | Found Reuqaen's Jewellery Boutique.
 33761 | Orc:2    | Found Immauj's Antique Armour Emporium.
 33773 | Orc:2    | Bought a pair of warped boots for 380 gold pieces
 33785 | Orc:2    | Identified the cursed -7 pair of boots of Gluttony {rC+
                  | Str+5 Dex+3} (You bought it in a shop on level 2 of the
                  | Orcish Mines)
 33835 | Orc:2    | Found a roughly hewn altar of Beogh.
 33871 | Orc:2    | Found Kulom's Assorted Antiques.
 33882 | Orc:2    | Bought a scroll of blinking for 180 gold pieces
 33882 | Orc:2    | Bought a potion of cancellation for 192 gold pieces
 33882 | Orc:2    | Bought a scroll of identify for 48 gold pieces
 34014 | Orc:2    | Offered knowledge of Shatter by Vehumet.
 34014 | Orc:2    | Offered knowledge of Tornado by Vehumet.
 34014 | Orc:2    | Offered knowledge of Ignition by Vehumet.
 34314 | Orc:2    | Found a roughly hewn altar of Beogh.
 34399 | Orc:2    | Found Exzavidgh's Armour Shop.
 34433 | Orc:2    | Bought a +2 pair of boots of stealth for 258 gold pieces
 34734 | Lair:3   | Found a staircase to the Swamp.
 34790 | Swamp:1  | Entered Level 1 of the Swamp
 35028 | Swamp:1  | Reached skill level 10 in Spellcasting
 36620 | Swamp:3  | Noticed Jorgrun
 36621 | Swamp:3  | Killed Jorgrun
 37532 | Swamp:4  | Entered Level 4 of the Swamp
 37606 | Swamp:4  | Reached skill level 10 in Shields
 37868 | Swamp:4  | Noticed a thorn hunter
 37870 | Swamp:4  | Killed a thorn hunter
 37895 | Swamp:4  | Identified the +2 spear "Zakhebroum" {drain, rF- Int+6
                  | Dex+4 SInv} (You found it on level 4 of the Swamp)
 37960 | Swamp:4  | Reached XP level 17. HP: 134/134 MP: 20/32
 38809 | Swamp:4  | Got a decaying rune of Zot
 39293 | Spider:1 | Entered Level 1 of the Spider Nest
 40168 | Spider:2 | Noticed Arachne
 40171 | Spider:2 | Killed Arachne
 41118 | Spider:3 | Reached skill level 15 in Shields
 41457 | Spider:3 | Reached XP level 18. HP: 133/141 MP: 8/34
 41971 | Spider:4 | Entered Level 4 of the Spider Nest
 41977 | Spider:4 | Reached skill level 1 in Translocations
 42078 | Spider:4 | Noticed Asterion
 42085 | Spider:4 | Killed Asterion
 42921 | Spider:4 | Noticed Nikola
 42923 | Spider:4 | Killed Nikola
 43463 | Spider:4 | Got a gossamer rune of Zot
 43885 | Vaults:1 | Entered Level 1 of the Vaults
 44279 | Vaults:1 | Reached skill level 15 in Spellcasting
 44639 | Vaults:1 | Reached XP level 19. HP: 151/151 MP: 36/38
 44818 | Vaults:1 | Reached skill level 10 in Fighting
 45928 | Vaults:2 | Found a flickering gateway to a bazaar.
 45939 | Bazaar   | Entered a bazaar
 45939 | Bazaar   | Found Qyisoyb's Antique Armour Shoppe.
 45939 | Bazaar   | Found Cuicoz's Antique Weapon Boutique.
 46011 | Bazaar   | Found Qegej's Gadget Emporium.
 46019 | Bazaar   | Bought a tin of tremorstones (3/3) for 360 gold pieces
 46021 | Bazaar   | Found Nannirch's General Store.
 46029 | Bazaar   | Bought a wand of paralysis (11) for 117 gold pieces
 46036 | Bazaar   | Found Gedotan's Distillery.
 46044 | Bazaar   | Bought a potion of curing for 30 gold pieces
 46044 | Bazaar   | Bought a potion of haste for 100 gold pieces
 46044 | Bazaar   | Bought a potion of ambrosia for 80 gold pieces
 46044 | Bazaar   | Bought a potion of ambrosia for 80 gold pieces
 46065 | Bazaar   | Bought a runed tower shield for 285 gold pieces
 46065 | Bazaar   | Bought a masterwork cloak for 361 gold pieces
 46065 | Bazaar   | Identified the +2 cloak of the Sparrow {rElec rF+ MP+9
                  | SInv} (You bought it in a shop in a bazaar)
 46178 | Vaults:2 | Found a runed translucent gate.
 46178 | Vaults:2 | Found a runed translucent gate.
 46178 | Vaults:2 | Found an ancient bone altar of Kikubaaqudgha.
 46178 | Vaults:2 | Noticed an ancient lich
 46178 | Vaults:2 | Noticed a lich
 46178 | Vaults:2 | Noticed a lich
 46179 | Vaults:2 | Found a runed translucent gate.
 46179 | Vaults:2 | Noticed Luzitt's ghost (veteran FoVM)
 46179 | Vaults:2 | Noticed an ancient lich
 47558 | Vaults:2 | You fall into a shaft and drop 2 floors!
 47937 | Vaults:4 | Reached XP level 20. HP: 168/168 MP: 37/39
 48123 | Vaults:4 | Found a portal to a secret trove of treasure.
 48493 | Vaults:4 | Noticed Bai Suzhen
 48494 | Vaults:4 | Killed Bai Suzhen
 48686 | Vaults:4 | Found a runed translucent gate.
 48686 | Vaults:4 | Found a runed translucent gate.
 48686 | Vaults:4 | Found a runed translucent gate.
 48688 | Vaults:4 | Noticed Rov Woulue's ghost (adept MfTm)
 48941 | Vaults:4 | Killed Rov Woulue's ghost
 50114 | Vaults:3 | Acquired an uncursed staff of cold
 50216 | Vaults:3 | Found a staircase to the Crypt.
 50444 | Vaults:3 | Identified the +6 demon blade of Resourcefulness {pain,
                  | *Contam +Inv rN+ Dex+3} (You found it on level 3 of the
                  | Vaults)
 50529 | Vaults:3 | Identified the cursed +1 chain mail of the Undertaker
                  | {rElec rPois Dex+4}
 50532 | Vaults:3 | Reached XP level 21. HP: 174/174 MP: 31/40
 50595 | Vaults:3 | Reached skill level 10 in Dodging
 51444 | D:15     | Found a sacrificial altar of Ru.
 51651 | D:15     | Found a sparkling altar of Nemelex Xobeh.
 51674 | D:15     | Noticed Kirke
 51678 | D:15     | Killed Kirke
 51758 | D:15     | Found a staircase to the Depths.
 52089 | Depths:1 | Entered Level 1 of the Depths
 53057 | Depths:1 | Identified the Volume of Noxious Displacement
 53409 | Depths:2 | Found a flickering gateway to a bazaar.
 53419 | Bazaar   | Entered a bazaar
 53419 | Bazaar   | Found Pyonam's Gadget Shoppe.
 53419 | Bazaar   | Found Dufri's Book Emporium.
 53483 | Bazaar   | Found Nefo's Book Shoppe.
 53487 | Bazaar   | Bought a wand of paralysis (6) for 128 gold pieces
 53487 | Bazaar   | Bought a wand of paralysis (14) for 256 gold pieces
 53491 | Bazaar   | Bought a book of Cantrips for 320 gold pieces
 53493 | Bazaar   | Learned a level 1 spell: Apportation
 53499 | Bazaar   | Found Deonauso's Gadget Emporium.
 53503 | Bazaar   | Bought a Necronomicon for 1545 gold pieces
 53507 | Bazaar   | Bought a wand of paralysis (11) for 156 gold pieces
 53689 | Depths:2 | Found a gateway to a ziggurat.
 53689 | Depths:2 | Noticed an ancient lich
 53692 | Depths:2 | Killed an ancient lich
 53984 | Depths:2 | Reached XP level 22. HP: 185/185 MP: 41/41
 54194 | Depths:2 | Noticed a golden dragon
 54197 | Depths:2 | Killed a golden dragon
 54278 | Depths:2 | Identified the Incunabulum of Spatial Sinister Magic
 54298 | Depths:2 | Got a twitching amber ring
 54299 | Depths:2 | Identified the cursed ring of Bisal {rC+ Str-4 Int+4} (You
                  | found it on level 2 of the Depths)
 54301 | Depths:2 | Identified Fuymn's Grimoire of the Fetching Mountains
 55482 | Depths:3 | Identified a +1 pair of boots of running (You found it on
                  | level 2 of the Depths)
 55493 | Depths:3 | Noticed Sojobo
 55504 | Depths:3 | Killed Sojobo
 55510 | Depths:3 | Reached skill level 15 in Fighting
 56488 | Depths:3 | Found a one-way gate leading to the halls of Pandemonium.
 57053 | Depths:3 | Reached skill level 15 in Dodging
 57428 | Depths:4 | Found a one-way gate to the infinite horrors of the Abyss.
 57511 | Depths:4 | Reached XP level 23. HP: 194/199 MP: 37/42
 58251 | Depths:5 | Entered Level 5 of the Depths
 58270 | Depths:5 | Reached skill level 10 in Evocations
 59115 | Depths:5 | Identified the +4 buckler "Awiwk" {rN+++} (You found it on
                  | level 5 of the Depths)
 59152 | Depths:5 | Found Dianeav's Antique Armour Emporium.
 59156 | Depths:5 | Found Ahets's Antique Armour Shoppe.
 59180 | Depths:5 | Identified the Handbook of Attacks
 59309 | Depths:5 | Identified the +9 battleaxe "Neiss" {protect, SInv}
 59608 | Depths:5 | Found a gate to the Realm of Zot.
 60223 | Vaults:5 | Entered Level 5 of the Vaults
 60231 | Vaults:5 | Reached XP level 24. HP: 192/206 MP: 45/45
 60300 | Vaults:5 | Noticed an ancient lich
 60304 | Vaults:5 | Killed an ancient lich
 60852 | Vaults:5 | Identified the Incunabulum of Torrid Attacks
 60856 | Vaults:5 | Identified the +10 rapier "Heweawk" {vorpal, rPois MR+
                  | Dex-2} (You found it on level 5 of the Vaults)
 61464 | Vaults:5 | Found Rugge's Magic Scroll Shop.
 61468 | Vaults:5 | Bought a scroll of teleportation for 45 gold pieces
 61468 | Vaults:5 | Bought a scroll of teleportation for 45 gold pieces
 61468 | Vaults:5 | Bought a scroll of fear for 52 gold pieces
 61468 | Vaults:5 | Bought a scroll of summoning for 142 gold pieces
 61468 | Vaults:5 | Bought a scroll of fear for 52 gold pieces
 61468 | Vaults:5 | Bought a scroll of magic mapping for 52 gold pieces
 61562 | Vaults:5 | Found Zunede's Distillery.
 61567 | Vaults:5 | Bought a potion of heal wounds for 105 gold pieces
 61567 | Vaults:5 | Bought a potion of heal wounds for 105 gold pieces
 61567 | Vaults:5 | Bought a potion of curing for 63 gold pieces
 61567 | Vaults:5 | Bought a potion of curing for 63 gold pieces
 61567 | Vaults:5 | Bought a potion of ambrosia for 168 gold pieces
 61672 | Vaults:5 | Identified Keozob's Volume of Unstable Hexes
 61679 | Vaults:5 | Got a silver rune of Zot
 61898 | Vaults:5 | Found Wadef's Magic Scroll Shoppe.
 61902 | Vaults:5 | Bought a scroll of teleportation for 57 gold pieces
 61902 | Vaults:5 | Bought a scroll of fog for 38 gold pieces
 61902 | Vaults:5 | Bought a scroll of fog for 38 gold pieces
 61902 | Vaults:5 | Bought a scroll of fear for 66 gold pieces
 62089 | Vaults:5 | Identified the cursed +1 triple sword "Kairgh" {holy, rC+
                  | MR+ MP+9}
 62101 | Vaults:5 | Learned a level 8 spell: Necromutation
 62104 | Vaults:5 | Learned a level 2 spell: Passwall
 62114 | Vaults:5 | Learned a level 9 spell: Death's Door
 62124 | Vaults:5 | Learned a level 9 spell: Shatter
 62580 | Slime:1  | Entered Level 1 of the Pits of Slime
 62580 | Slime:1  | Found a viscous altar of Jiyva.
 62751 | Slime:3  | Reached XP level 25. HP: 190/220 MP: 46/47
 62924 | Slime:5  | Entered Level 5 of the Pits of Slime
 62934 | Slime:5  | Noticed the Royal Jelly
 62939 | Slime:5  | Killed the Royal Jelly
 63385 | Slime:5  | Got a slimy rune of Zot
 63454 | Slime:5  | Identified the Catalogue of Orientation and Earth
 63471 | Slime:5  | Got a transparent golden ring
 63472 | Slime:5  | Identified the ring of Xenarou {rPois rF++ rN+ MR+ Slay-3}
                  | (You found it on level 5 of the Pits of Slime)
 63926 | Vaults:2 | Killed an ancient lich
 63928 | Vaults:2 | Killed Luzitt's ghost
 63929 | Vaults:2 | Killed an ancient lich
 63951 | Vaults:2 | Got a warped lapis lazuli ring
 63952 | Vaults:2 | Identified the ring "Ziroxag" {Wiz Str+6} (You found it on
                  | level 2 of the Vaults)
 63960 | Vaults:2 | Got a pair of glimmering gloves
 63961 | Vaults:2 | Identified the +0 pair of gloves "Gana" {+Inv Regen+ Int-4
                  | Stlth+} (You found it on level 2 of the Vaults)
 64202 | Hell     | Entered the Vestibule of Hell
 64202 | Hell     | Noticed Geryon
 64207 | Hell     | Killed Geryon
 65048 | Hell     | Found a gateway to the decaying netherworld of Tartarus.
 65133 | Hell     | Found a gateway to the ashen valley of Gehenna.
 65198 | Hell     | Found a gateway to the Iron City of Dis.
 65251 | Hell     | Found a gateway to the freezing wastes of Cocytus.
 65339 | Geh:1    | Entered Level 1 of Gehenna
 65671 | Geh:2    | Reached skill level 1 in Earth Magic
 65682 | Geh:2    | Reached XP level 26. HP: 232/239 MP: 47/47
 66028 | Geh:3    | Reached skill level 5 in Earth Magic
 66738 | Geh:2    | Reached skill level 10 in Earth Magic
 67043 | Geh:5    | You fall into a shaft and drop 1 floor!
 67149 | Geh:7    | Entered Level 7 of Gehenna
 68011 | Geh:7    | Identified the ring of the Garden {rF+ MR+}
 68011 | Geh:7    | Identified the +7 sceptre of Asmodeus
 68011 | Geh:7    | Noticed Asmodeus
 68014 | Geh:7    | Killed Asmodeus
 68040 | Geh:7    | Got an obsidian rune of Zot
 68074 | Geh:7    | Reached XP level 27. HP: 228/246 MP: 47/47
 68191 | Coc:1    | Entered Level 1 of Cocytus
 68192 | Coc:1    | Reached skill level 15 in Earth Magic
 70061 | Coc:7    | Entered Level 7 of Cocytus
 70511 | Coc:7    | Noticed Antaeus
 70521 | Coc:7    | Killed Antaeus
 70527 | Coc:7    | Identified the +5 hunting sling of Ceamirer {vorpal, rElec}
 70536 | Coc:7    | Got an icy rune of Zot
 70704 | Dis:1    | Entered Level 1 of the Iron City of Dis
 71095 | Dis:3    | You fall into a shaft and drop 2 floors!
 72879 | Dis:7    | Entered Level 7 of the Iron City of Dis
 73734 | Dis:7    | Identified the cursed +3 rapier of the Rat {flame, rElec
                  | rN+ MR+ Dex-4}
 73734 | Dis:7    | Identified the ring "Luqob" {rPois rC+ rN++ Dex+4}
 73999 | Dis:7    | Identified the +4 staff of Dispater
 73999 | Dis:7    | Noticed Dispater
 74000 | Dis:7    | Killed Dispater
 74024 | Dis:7    | Found the +8 Wrath of Trog {antimagic, *Rage}
 74027 | Dis:7    | Got an iron rune of Zot
 74120 | Hell     | Learned a level 5 spell: Lee's Rapid Deconstruction
 74162 | Tar:1    | Entered Level 1 of Tartarus
 74163 | Tar:1    | Reached skill level 1 in Necromancy
 74163 | Tar:1    | Reached skill level 2 in Necromancy
 74164 | Tar:1    | Reached skill level 4 in Necromancy
 74183 | Tar:1    | Reached skill level 5 in Necromancy
 74190 | Tar:1    | Reached skill level 6 in Necromancy
 74209 | Tar:2    | Reached skill level 7 in Necromancy
 74210 | Tar:2    | Reached skill level 8 in Necromancy
 74239 | Tar:3    | Reached skill level 9 in Necromancy
 74274 | Tar:3    | You fall into a shaft and drop 3 floors!
 74275 | Tar:6    | Reached skill level 10 in Necromancy
 74289 | Tar:6    | Reached skill level 11 in Necromancy
 74307 | Tar:6    | Reached skill level 12 in Necromancy
 74355 | Tar:7    | Entered Level 7 of Tartarus
 74390 | Tar:7    | Reached skill level 13 in Necromancy
 74445 | Tar:7    | Reached skill level 14 in Necromancy
 74499 | Tar:7    | Reached skill level 15 in Necromancy
 74515 | Tar:7    | Noticed the Serpent of Hell
 74518 | Tar:7    | Killed the Serpent of Hell
 74545 | Tar:7    | Reached skill level 16 in Necromancy
 75085 | Tar:4    | You fall into a shaft and drop 2 floors!
 75157 | Tar:7    | Got a bone rune of Zot
 75163 | Tar:7    | Noticed Ereshkigal
 75170 | Tar:7    | Killed Ereshkigal
 75170 | Tar:7    | Reached skill level 17 in Necromancy
 75284 | Pan      | Entered Pandemonium
 75330 | Pan      | Gained mutation: You are weak. (Str -2) [a cacodemon]
 75497 | Pan      | Noticed Rereomp the pandemonium lord
 75499 | Pan      | Killed Rereomp the pandemonium lord
 75525 | Pan      | Reached skill level 18 in Necromancy
 75941 | Pan      | Entered the realm of Gloorx Vloq.
 76049 | Pan      | Reached skill level 19 in Necromancy
 76181 | Pan      | Reached skill level 20 in Necromancy
 76201 | Pan      | Noticed Gloorx Vloq
 76203 | Pan      | Killed Gloorx Vloq
 76208 | Pan      | Got a dark rune of Zot
 76571 | Pan      | Reached skill level 21 in Necromancy
 76653 | Pan      | Identified the ring "Puad" {MR+ rCorr Int+3 Dex+5}
 76724 | Pan      | Found a glowing golden altar of the Shining One.
 76724 | Pan      | Noticed a seraph
 76724 | Pan      | Identified the +5 shortbow of the Magi {speed, rPois}
 76725 | Pan      | Killed a seraph
 76759 | Pan      | Got a demonic rune of Zot
 76820 | Depths:3 | Escaped Pandemonium
 76830 | Depths:3 | Learned a level 8 spell: Infestation
 76831 | Pan      | Entered Pandemonium
 76883 | Pan      | Noticed Umpatz the pandemonium lord
 76883 | Pan      | Gained mutation: Your spells are a little easier to cast,
                  | but a little less powerful. [a cacodemon]
 76885 | Pan      | Killed Umpatz the pandemonium lord
 76986 | Pan      | Reached skill level 22 in Necromancy
 77127 | Pan      | Noticed Eghaall the pandemonium lord
 77131 | Pan      | Killed Eghaall the pandemonium lord
 77163 | Depths:3 | Escaped Pandemonium
 77331 | Pan      | Entered the realm of Cerebov.
 77331 | Pan      | Entered Pandemonium
 77522 | Pan      | Identified the +6 sword of Cerebov {flame}
 77522 | Pan      | Noticed Cerebov
 77523 | Pan      | Killed Cerebov
 77523 | Pan      | Reached skill level 23 in Necromancy
 77529 | Pan      | Identified the +5 spear "Baed" {protect, +Blink rF+ Str+4
                  | Int-2}
 77548 | Pan      | Got a fiery rune of Zot
 77590 | Pan      | Identified the +7 rapier "Hemufruq" {speed, Dex+2}
 77622 | Pan      | Identified the ring of the Pharaoh's Fist {rPois rC+} (You
                  | found it in Pandemonium)
 77815 | Pan      | Gained mutation: Potions are less effective at restoring
                  | your health. [a cacodemon]
 78044 | Pan      | Reached skill level 24 in Necromancy
 78129 | Pan      | Lost mutation: Potions are less effective at restoring your
                  | health. [potion of mutation]
 78129 | Pan      | Lost mutation: You are weak. (Str -2) [potion of mutation]
 78129 | Pan      | Lost mutation: Your spells are a little easier to cast, but
                  | a little less powerful. [potion of mutation]
 78129 | Pan      | Gained mutation: You have a pair of small horns on your
                  | head. [potion of mutation]
 78129 | Pan      | Gained mutation: You occasionally shout uncontrollably at
                  | your foes. [potion of mutation]
 78129 | Pan      | Gained mutation: You have large cloven feet. [potion of
                  | mutation]
 78178 | Pan      | Identified the cursed +1 robe of Impressiveness {rC- Int+5}
 78455 | Pan      | Identified the +5 scimitar of Sykloek {distort, rN+ MR-
                  | Dex+2}
 78494 | Pan      | Entered the realm of Lom Lobon.
 78624 | Pan      | Reached skill level 15 in Long Blades
 78914 | Pan      | Noticed Lom Lobon
 78922 | Pan      | Killed Lom Lobon
 78943 | Pan      | Got a magical rune of Zot
 79051 | Pan      | Entered the realm of Mnoleg.
 79094 | Pan      | Gained mutation: Potions are less effective at restoring
                  | your health. [a cacodemon]
 79120 | Pan      | Gained mutation: Potions are poor at restoring your health.
                  | [a neqoxec]
 79587 | Pan      | Noticed Mnoleg
 79589 | Pan      | Killed Mnoleg
 79803 | Pan      | Reached skill level 25 in Necromancy
 79878 | Pan      | Got a glowing rune of Zot
 79921 | Pan      | Gained mutation: Your body sometimes deteriorates upon
                  | taking damage. [a neqoxec]
 79960 | Pan      | Lost mutation: You occasionally shout uncontrollably at
                  | your foes. [potion of mutation]
 79960 | Pan      | Lost mutation: You have large cloven feet. [potion of
                  | mutation]
 79960 | Pan      | Gained mutation: You evolve. [potion of mutation]
 79960 | Pan      | Gained mutation: Your magical capacity is low. (-10% MP)
                  | [potion of mutation]
 79960 | Pan      | Gained mutation: Your tail ends in a poisonous barb.
                  | [potion of mutation]
 79961 | Pan      | Lost mutation: You evolve. [potion of mutation]
 79961 | Pan      | Lost mutation: Your tail ends in a poisonous barb. [potion
                  | of mutation]
 79961 | Pan      | Lost mutation: You have a pair of small horns on your head.
                  | [potion of mutation]
 79961 | Pan      | Lost mutation: Your magical capacity is low. (-10% MP)
                  | [potion of mutation]
 79961 | Pan      | Gained mutation: You occasionally shout uncontrollably at
                  | your foes. [potion of mutation]
 79961 | Pan      | Gained mutation: Your spells are a little harder to cast,
                  | but a little more powerful. [potion of mutation]
 79961 | Pan      | Gained mutation: Your large and strong wings let you fly
                  | indefinitely. [potion of mutation]
 79962 | Pan      | Lost mutation: Your body sometimes deteriorates upon taking
                  | damage. [potion of mutation]
 79962 | Pan      | Lost mutation: You occasionally shout uncontrollably at
                  | your foes. [potion of mutation]
 79962 | Pan      | Gained mutation: You have a beak for a mouth. [potion of
                  | mutation]
 79983 | Pan      | Found an exit through the horrors of the Abyss.
 79991 | Pan      | Took an exit into the Abyss.
 79991 | Abyss:1  | Escaped into the Abyss
 80089 | Abyss:3  | Got an abyssal rune of Zot
 80096 | Abyss:3  | Found a roughly hewn altar of Beogh.
 80115 | Depths:3 | Escaped the Abyss
 80244 | Zot:1    | Entered Level 1 of the Realm of Zot
 80638 | Zot:5    | Entered Level 5 of the Realm of Zot
 81148 | Zot:5    | Noticed an ancient lich
 81151 | Zot:5    | Killed an ancient lich
 81187 | Zot:5    | Noticed an orb of fire
 81188 | Zot:5    | Gained mutation: Your magical capacity is low. (-10% MP)
                  | [an orb of fire]
 81189 | Zot:5    | Killed an orb of fire
 81347 | Zot:5    | Noticed an orb of fire
 81348 | Zot:5    | Killed an orb of fire
 81410 | Zot:5    | Noticed an orb of fire
 81410 | Zot:5    | Gained mutation: Scrolls take you a little longer to read.
                  | [an orb of fire]
 81415 | Zot:5    | Gained mutation: You are weak. (Str -2) [an orb of fire]
 81793 | Zot:5    | Killed an orb of fire
 81887 | Zot:5    | Got the Orb of Zot
 81910 | Zot:5    | Noticed an ancient lich
 81912 | Zot:5    | Killed an ancient lich
 82264 | D:10     | Noticed Jonkug the pandemonium lord
 82264 | D:10     | Killed Jonkug the pandemonium lord
 82329 | D:9      | Noticed Maob the pandemonium lord
 82370 | D:6      | Noticed Ahesaly the pandemonium lord
 82372 | D:6      | Killed Ahesaly the pandemonium lord
 82477 | D:$      | Escaped with the Orb!
